 Dungeon Sprint DCSS version 0.23.2 (webtiles) character file.

Game seed: 7836107830742495089

9229 1492 the Unseen (level 11, -1/60 HPs)
             Began as a Felid Berserker on Apr 8, 2019.
             Was a High Priest of Trog.
             Slain by a demonic crawler (5 damage)
             ... in the Dungeon (Sprint IV: "Fedhas' Mad Dash").
             The game lasted 00:19:29 (3133 turns).

1492 the Unseen (Felid Berserker)                   Turns: 3133, Time: 00:19:29

Health: -1/60      AC:  3    Str: 13    XL:     11   Next: 20%
Magic:  19/19      EV: 41    Int: 10    God:    Trog [*****.]
Gold:   21         SH:  0    Dex: 24    Spells: 10/10 levels left
                                        Lives:  0   Deaths: 3

rFire    . . .     SeeInvis +     - Unarmed
rCold    + . .     Gourm    .   (shield unavailable)
rNeg     . . .     Faith    .   (armour unavailable)
rPois    .         Spirit   .   (helmet unavailable)
rElec    .         Reflect  .   (cloak unavailable)
rCorr    .         Harm     .   (gloves unavailable)
MR       ++...     NoTele   +   (boots unavailable)
Stlth    +++++++++.             h - amulet of invisibility {+Inv}
HPRegen  0.20/turn              m - ring of protection from magic
MPRegen  0.16/turn              (no ring)

@: agile, berserk cooldown, hasted and slowed, quick
A: very small, no armour, no weapons or thrown items, stealth, claws 1, fangs 3,
see invisible, carnivore, speed 1, shaggy fur 3, slow metabolism 1, sharp paws
a: Berserk, Trog's Hand, Brothers in Arms, Renounce Religion, Evoke Invisibility


You were in the Dungeon.
You worshipped Trog.
Trog was extremely pleased with you.
You were full.

You visited 1 branch You collected 486 gold pieces.
You spent 465 gold pieces at shops.

Inventory:

Jewellery
 g - an uncursed amulet of guardian spirit {unknown}
   (You found it in the Dungeon)
 h - the amulet of invisibility (around neck) {+Inv}
   (You found it in the Dungeon)

   [amulet of nothing]

   It lets you turn invisible.
 m - a ring of protection from magic (left paw)
   (You found it in the Dungeon)
 s - the amulet "Livat" {+Rage Dex+4, unknown}
   (You found it in the Dungeon)

   [amulet of rage]

   It affects your dexterity (+4).
   It lets you go berserk.
Potions
 b - a potion of ambrosia {!q}
 e - 2 potions of magic
 f - a potion of berserk rage {!q}
 i - a potion of flight {unknown}
 j - a potion of agility {@q4}
 l - a potion of curing {@q1}
 n - a potion of mutation {unknown}
 q - a potion of might
 r - a potion of invisibility {unknown}
Miscellaneous
 a - a lightning rod (3/4)
   (You found it in the Dungeon)
 k - 2 phantom mirrors
Comestibles
 o - a ration {!d}


   Skills:
 + Level 14.7 Fighting
 + Level 17.4 Dodging
 * Level 19.8 Stealth
 * Level 19.7 Unarmed Combat
 - Level 10.0 Evocations


You had 10 spell levels left.
You didn't know any spells.
Your spell library was empty.

Dungeon Overview and Level Annotations

Branches:
Dungeon (1/1)

Altars:
Cheibriados
Dithmenos
Elyvilon
Gozag
Hepliaklqana
Kikubaaqudgha
Makhleb
Nemelex Xobeh
Okawaru
Qazlal
Ru
Sif Muna
Trog
Uskayaw
Vehumet
Wu Jian
Xom
Yredelemnul
Zin
The Shining One
Beogh
Jiyva
Lugonu

Shops:
D }?(?((([:!!!!!*!=[:?:

Annotations:
D the Enchantress


Innate Abilities, Weirdness & Mutations

You cannot wear armour.
You are incapable of wielding weapons or throwing items.
Your paws allow you to move quietly. (Stealth)
You have sharp claws.
You have razor-sharp teeth.
You have supernaturally acute eyesight. (SInv)
You are carnivorous and can eat meat at any time.
You cover ground quickly.
Your thick and shaggy fur keeps you warm. (AC +3, rC+)
You have a slow metabolism.
Your sharp claws are effective at attacking unaware monsters.


Message History

The demonic crawler hits you.
* * * LOW HITPOINT WARNING * * *
Damage: -1%(-1hp) hp: 45%(40hp)
The Enchantress blocks your attack.
Your bite misses the Enchantress.
The Enchantress is moderately wounded.
The Enchantress gestures wildly while chanting.
You resist with almost no effort.
Your troll appears confused.
Your ogre appears confused.
Unknown command.
The Enchantress blocks your attack. x2
The Enchantress is moderately wounded.
The demonic crawler completely misses you.
The demonic crawler barely misses you.
The demonic crawler completely misses you.
Unknown command.
You barely miss the Enchantress. Your claw misses the Enchantress.
The Enchantress is moderately wounded.
The Enchantress completely misses you.
Unknown command.
You barely miss the Enchantress. Your claw misses the Enchantress.
The Enchantress is moderately wounded.
Your ogre barely misses the demonic crawler.
The demonic crawler hits you.
* * * LOW HITPOINT WARNING * * *
The demonic crawler hits you.
* * * LOW HITPOINT WARNING * * *
The demonic crawler completely misses you.
Damage: -8%(-7hp) hp: 37%(33hp)
You barely miss the Enchantress. Your claw misses the Enchantress.
The Enchantress is moderately wounded.
The Enchantress closely misses you.
Unknown command.
You claw the Enchantress! You bite the Enchantress.
The Enchantress is heavily wounded.
Your ogre barely misses the demonic crawler.
The demonic crawler barely misses you. x2
The demonic crawler completely misses you.
Unknown command.
The Enchantress blocks your attack.
The Enchantress is heavily wounded.
The Enchantress hits you with a +1 quick blade of distortion!
* * * LOW HITPOINT WARNING * * *
Space bends around you.
* * * LOW HITPOINT WARNING * * *
Huge Dmg: -15%(-14hp) hp: 23%(20hp) Unknown command.
The Enchantress blocks your attack.
Your claw misses the Enchantress.
The Enchantress is heavily wounded.
Your troll bites the queen bee.
Your troll claws the queen bee but does no damage.
Your troll barely misses the queen bee.
The demonic crawler hits you!
* * * LOW HITPOINT WARNING * * *
The demonic crawler completely misses you. x2
Huge Dmg: -8%(-7hp) hp: 15%(13hp)
You barely miss the Enchantress. Your bite misses the Enchantress.
The Enchantress is heavily wounded.
The Enchantress completely misses you.
Unknown command.
You mangle the Enchantress!! Your bite misses the Enchantress.
The Enchantress is severely wounded.
The demonic crawler misses you. x3
Unknown command.
The Enchantress blocks your attack.
The Enchantress is severely wounded.
The Enchantress misses you.
Your ogre closely misses the Enchantress.
The demonic crawler completely misses you.
The demonic crawler barely misses you. The demonic crawler hits you!
* * * LOW HITPOINT WARNING * * *
The queen bee completely misses you.
Huge Dmg: -9%(-8hp) hp: 6%(5hp)
You miss the Enchantress. Your claw misses the Enchantress.
Your bite misses the Enchantress.
The Enchantress is severely wounded.
Your troll completely misses you. x3; The Enchantress completely misses you.
Unknown command.
You mangle the Enchantress!!
The Enchantress is almost dead.
You are no longer berserk.
You are exhausted.
You feel yourself slow down. The demonic crawler closely misses you.
The demonic crawler completely misses you.
The demonic crawler barely misses you.
Huge Dmg: -4%(-2hp) hp: 5%(3hp) Evoke which item? (* to show all) (? for menu, Esc to quit)
Aiming: Thunderbolt
Press: ? - help, Shift-Dir - straight line,
f - the Enchantress
Aim: the Enchantress, wielding a +1 quick blade of distortion, wearing the +2 faerie dragon scales {+Inv rF+ rCorr} and wearing a +0 buckler of cold resistance (almost dead, deflecting missiles)
The thunderbolt hits the Enchantress.
The Enchantress is almost dead.
The queen bee completely misses you. The Enchantress casts a spell at you.
You feel as though you will be slow longer.
Your troll completely misses the Enchantress.
The Enchantress blocks your troll's attack.
Your troll completely misses the Enchantress.
The demonic crawler completely misses you.
The demonic crawler misses you. The demonic crawler hits you.
You die...

###.P....### #....##
###...## ##....#
#....####.....##
#.............'.
#.............##
########################
#.....T..♣.)♣..♣..♣..♣..
#....Oi.................
#.....s@y♣..♣..♣..♣..♣..
##''''##################
#....,,* ******,,,
#...,,,*********,,,,,,,,
##.,,,,,,,,,,,,,,,,,,,,,
#,,,,,,,,,,,,,,,,,,,,,,
*,,,,,,,,,,,,,,******,,
*,,,,,,,,,,,,,,* ***
****************


You could see the Enchantress, a demonic crawler, a queen bee, a friendly troll
(berserk) and a friendly ogre (berserk).

Vanquished Creatures
  Agnes (D)
  A ghost moth (D)
  2 spriggan defenders (D)
  3 spriggan berserkers (D)
  2 spriggan druids (D)
  23 oklob plants (D)
  2 moths of wrath (D)
  2 demonic crawlers (D)
  3 wandering mushrooms (D)
  A queen bee (D)
  3 burning bushes (D)
  7 hornets (D)
  2 scorpions (D)
  4 killer bees (D)
  5 oklob saplings (D)
  A worker ant (D)
  9 spriggans (D)
  A river rat (D)
  A rat (D)
  3 ballistomycetes (D)
76 creatures vanquished.

Vanquished Creatures (collateral kills)
  A ghost moth (D)
  2 spriggan defenders (D)
  A spriggan (D)
  2 spriggan druids (D)
  A demonic crawler (D)
  2 hornets (D)
  A worker ant (D)
10 creatures vanquished.

Vanquished Creatures (others)
  2 ballistomycete spores (D)
2 creatures vanquished.

Grand Total: 88 creatures vanquished

Notes
Turn   | Place    | Note
-------+----------+-------------------------------------------
     0 | D        | 1492 the Felid Berserker began the quest for the Orb.
     0 | D        | Reached XP level 1. HP: 10/10 MP: 2/2
     8 | D        | Reached XP level 2. HP: 14/14 MP: 3/3
    50 | D        | Noticed an oklob sapling
    53 | D        | Killed an oklob sapling
    53 | D        | Reached ** piety under Trog
    53 | D        | Reached skill level 5 in Unarmed Combat
    53 | D        | Reached XP level 3. HP: 18/18 MP: 4/4
    82 | D        | Found the amulet of invisibility {+Inv}
    84 | D        | Reached skill level 5 in Stealth
   103 | D        | Found an opulent altar of Gozag.
   103 | D        | Found a hazy altar of Hepliaklqana.
   103 | D        | Found a roughly hewn altar of Beogh.
   103 | D        | Found a snail-covered altar of Cheibriados.
   145 | D        | Found a viscous altar of Jiyva.
   145 | D        | Found a burning altar of Makhleb.
   145 | D        | Found a sparkling altar of Nemelex Xobeh.
   145 | D        | Found a sacrificial altar of Ru.
   145 | D        | Found a deep blue altar of Sif Muna.
   145 | D        | Found a bloodstained altar of Trog.
   145 | D        | Found an ornate altar of the Wu Jian Council.
   145 | D        | Found a shimmering altar of Xom.
   145 | D        | Found a basalt altar of Yredelemnul.
   145 | D        | Noticed an oklob sapling priest
   146 | D        | Found an iron altar of Okawaru.
   146 | D        | Found a glowing silver altar of Zin.
   146 | D        | Found a shadowy altar of Dithmenos.
   147 | D        | Found a hide-covered altar of Uskayaw.
   147 | D        | Found an ancient bone altar of Kikubaaqudgha.
   148 | D        | Found a glowing golden altar of the Shining One.
   148 | D        | Found a stormy altar of Qazlal.
   148 | D        | Found a white marble altar of Elyvilon.
   149 | D        | Found a radiant altar of Vehumet.
   149 | D        | Found a corrupted altar of Lugonu.
   152 | D        | Killed an oklob sapling priest
   152 | D        | Reached skill level 5 in Fighting
   152 | D        | Reached XP level 4. HP: 23/23 MP: 2/6
   305 | D        | Reached *** piety under Trog
   305 | D        | Reached XP level 5. HP: 27/27 MP: 4/8
   329 | D        | Found Xirutt's Assorted Antiques.
   329 | D        | Found Nanuz's Distillery.
   339 | D        | Noticed a burning bush
   339 | D        | Noticed a wandering mushroom
   346 | D        | Noticed a wandering mushroom
   349 | D        | Killed a wandering mushroom
   349 | D        | Reached **** piety under Trog
   349 | D        | Reached skill level 10 in Unarmed Combat
   349 | D        | Reached skill level 5 in Evocations
   349 | D        | Gained mutation: You are covered in thick fur. (AC +2)
                  | [Felid growth]
   349 | D        | Reached XP level 6. HP: 33/33 MP: 7/11
   351 | D        | Killed a wandering mushroom
   351 | D        | Reached skill level 10 in Stealth
   351 | D        | Reached XP level 7. HP: 37/37 MP: 7/13
   368 | D        | Killed a burning bush
   408 | D        | Found Ihenac's Book Emporium.
   408 | D        | Found Veiloquj's Armour Shoppe.
   446 | D        | Reached ***** piety under Trog
   458 | D        | Noticed a queen bee
   471 | D        | Reached XP level 8. HP: 34/42 MP: 11/14
   491 | D        | HP: 15/42 [poisoned by a queen bee]
   498 | D        | HP: 19/63 [queen bee (10)]
   502 | D        | Killed a queen bee
   540 | D        | Noticed a burning bush
   543 | D        | Killed a burning bush
   559 | D        | Noticed a burning bush
   559 | D        | Noticed an oklob plant
   560 | D        | Noticed a wandering mushroom
   560 | D        | HP: 1/43 [oklob plant/splash of acid (15)]
   560 | D        | Splashed by an oklob plant's acid
   561 | D        | Reached XP level 7. HP: -9/39 MP: 14/14
   581 | D        | Noticed an oklob plant
   584 | D        | Killed an oklob plant
   584 | D        | Reached skill level 10 in Fighting
   584 | D        | Reached XP level 8. HP: 43/43 MP: 12/16
   596 | D        | Killed a wandering mushroom
   596 | D        | Reached skill level 10 in Evocations
   600 | D        | Killed a burning bush
   600 | D        | Reached skill level 5 in Dodging
   607 | D        | Killed an oklob plant
   607 | D        | Reached ****** piety under Trog
   607 | D        | Reached XP level 9. HP: 47/47 MP: 15/17
   647 | D        | Noticed a spriggan druid
   649 | D        | Killed a spriggan druid
   669 | D        | Noticed an oklob plant conjurer
   670 | D        | Killed an oklob plant conjurer
   895 | D        | Noticed an oklob plant
   895 | D        | Noticed an oklob plant summoner
   898 | D        | Noticed an oklob plant shifter
   902 | D        | Killed an oklob plant
   902 | D        | Reached skill level 10 in Dodging
   902 | D        | Reached skill level 15 in Unarmed Combat
   904 | D        | Killed an oklob plant summoner
   907 | D        | Killed an oklob plant shifter
   915 | D        | Noticed a demonic crawler
   917 | D        | Killed a demonic crawler
   917 | D        | Reached XP level 10. HP: 53/53 MP: 18/18
  1034 | D        | Noticed a spriggan rider
  1035 | D        | Found Zyuhef's Magic Scroll Emporium.
  1039 | D        | Found Ybeje's Book Shoppe.
  1277 | D        | Bought a scroll labeled VEICZYMIPT for 23 gold pieces
  1293 | D        | Bought a potion of curing for 36 gold pieces
  1293 | D        | Bought a potion of heal wounds for 60 gold pieces
  1293 | D        | Bought a potion of curing for 36 gold pieces
  1293 | D        | Bought a potion of agility for 48 gold pieces
  1294 | D        | Bought a viscous pink potion for 20 gold pieces
  1294 | D        | Bought a puce potion for 20 gold pieces
  1352 | D        | Noticed Agnes
  1354 | D        | Found Eqaaczes's Distillery.
  1354 | D        | Noticed a spriggan berserker
  1356 | D        | Found Kiutset's Jewellery Shoppe.
  1358 | D        | Killed Agnes
  1363 | D        | Killed a spriggan berserker
  1375 | D        | Noticed a spriggan defender
  1382 | D        | Killed a spriggan defender
  1382 | D        | Reached XP level 11. HP: 57/57 MP: 19/19
  1402 | D        | Noticed a spriggan rider
  1412 | D        | Killed a spriggan rider
  1476 | D        | Noticed a ghost moth
  1477 | D        | Found Maturch's Magic Scroll Boutique.
  1477 | D        | Found Xeag's Weapon Emporium.
  1477 | D        | Found Ynotaop's Gadget Shoppe.
  1504 | D        | Killed a ghost moth
  1653 | D        | Noticed an oklob plant shifter
  1653 | D        | Noticed an oklob plant meteorologist
  1658 | D        | Killed an oklob plant shifter
  1658 | D        | Reached skill level 15 in Dodging
  1666 | D        | Killed an oklob plant meteorologist
  1672 | D        | Noticed a spriggan rider
  1832 | D        | Reached skill level 15 in Stealth
  1915 | D        | Bought a scroll of blinking for 105 gold pieces
  1915 | D        | Bought a scroll of magic mapping for 49 gold pieces
  1916 | D        | Bought a scroll of identify for 28 gold pieces
  1995 | D        | Found Xyaripso's Antique Weapon Shoppe.
  1995 | D        | Found Jaomn's Weapon Boutique.
  1995 | D        | Found Alint's Magic Scroll Shop.
  1995 | D        | Found Tusum's Antique Armour Emporium.
  1995 | D        | Found Nonefihu's Antique Weapon Shoppe.
  1996 | D        | Found Mistrag's Distillery.
  1996 | D        | Found Dacae's Distillery.
  1996 | D        | Found Edidghua's Book Boutique.
  2011 | D        | Bought a potion of might for 40 gold pieces
  2090 | D        | Noticed an oklob plant summoner
  2169 | D        | Found Hevvixie's Distillery.
  2170 | D        | Found Byvura's Distillery.
  2175 | D        | Killed an oklob plant summoner
  2186 | D        | Noticed an oklob plant demonologist
  2186 | D        | Noticed an oklob plant annihilator
  2274 | D        | Noticed a spriggan berserker
  2281 | D        | Noticed a death yak
  2283 | D        | Killed an oklob plant annihilator
  2285 | D        | Killed a spriggan berserker
  2288 | D        | HP: 24/87 [acid (13)]
  2290 | D        | Killed an oklob plant demonologist
  2306 | D        | Got a scintillating ivory amulet
  2505 | D        | Noticed an oklob plant
  2505 | D        | Noticed an oklob plant
  2505 | D        | Noticed an oklob plant
  2505 | D        | Noticed an oklob plant
  2505 | D        | Noticed an oklob plant
  2505 | D        | Noticed an oklob plant
  2506 | D        | Noticed an oklob plant
  2507 | D        | Killed an oklob plant
  2508 | D        | Noticed an oklob plant
  2509 | D        | Killed an oklob plant
  2510 | D        | Noticed an oklob plant
  2511 | D        | Killed an oklob plant
  2512 | D        | Noticed an oklob plant
  2513 | D        | Killed an oklob plant
  2514 | D        | Noticed an oklob plant
  2515 | D        | Killed an oklob plant
  2516 | D        | Noticed an oklob plant
  2518 | D        | Killed an oklob plant
  2520 | D        | Killed an oklob plant
  2520 | D        | Gained mutation: Your thick and shaggy fur keeps you warm.
                  | (AC +3, rC+) [Felid growth]
  2520 | D        | Reached XP level 12. HP: 63/63 MP: 18/20
  2763 | D        | Noticed a spriggan defender
  2763 | D        | Noticed a spriggan defender
  2773 | D        | HP: 24/96 [spriggan defender/+1 rapier of flaming (16)]
  2775 | D        | Slain by a spriggan defender
  2776 | D        | Reached XP level 11. HP: -2/90 MP: 19/19
  2802 | D        | HP: 7/60 [spriggan defender/+1 rapier of flaming (21)]
  2810 | D        | Killed a spriggan defender
  2813 | D        | Killed a spriggan defender
  2817 | D        | Killed a spriggan druid
  2859 | D        | Noticed a spriggan druid
  2874 | D        | Noticed a ghost moth
  2875 | D        | HP: 22/60 [spriggan druid/angry trees (19)]
  2884 | D        | Killed a ghost moth
  2902 | D        | HP: 14/60 [spriggan druid/angry trees (19)]
  2903 | D        | Killed from afar by a spriggan druid
  2904 | D        | Reached XP level 10. HP: 0/57 MP: 17/18
  2907 | D        | Noticed a moth of wrath
  2913 | D        | Killed a moth of wrath
  2920 | D        | Killed a spriggan druid
  2985 | D        | Noticed a spriggan rider
  3050 | D        | Noticed a spriggan berserker
  3053 | D        | Killed a spriggan berserker
  3060 | D        | Noticed a spriggan rider
  3063 | D        | Killed a spriggan rider
  3063 | D        | Reached XP level 11. HP: 49/60 MP: 19/19
  3093 | D        | Noticed a spriggan defender
  3100 | D        | Killed a spriggan defender
  3101 | D        | Noticed a spriggan druid
  3103 | D        | Identified the +2 faerie dragon scales {+Inv rF+ rCorr}
  3103 | D        | Noticed the Enchantress
  3115 | D        | Killed a spriggan druid
  3123 | D        | HP: 33/90 [demonic crawler (4)]
  3127 | D        | HP: 13/90 [demonic crawler (7)]
  3130 | D        | HP: 5/90 [demonic crawler (8)]
  3133 | D        | Slain by a demonic crawler

Skill      XL: |  1  2  3  4  5  6  7  8  9 10 11 12 |
---------------+-------------------------------------+-----
Stealth        | 2 4 6 9 10 11 19 18 | 19.8
Unarmed Combat | 4 5 7 10 13 14 15 16 19 | 19.7
Fighting       | 4 5 7 8 10 9 11 12 13 14 | 14.7
Evocations     | 2 3 5 6 7 10 | 10.0
Dodging        | 7 11 17 16 | 17.4

Action                   |  1- 3 |  4- 6 |  7- 9 | 10-12 || total
-------------------------+-------+-------+-------+-------++-------
Melee: Unarmed           |    11 |    10 |    56 |   114 ||   191
       Bite              |     2 |     1 |     8 |    12 ||    23
       Punch             |       |       |     3 |     8 ||    11
Invok: Berserk           |     3 |     1 |     3 |    10 ||    17
       Brothers in Arms  |       |       |       |    11 ||    11
 Abil: Evoke Invisibilit |     1 |     2 |     4 |    11 ||    18
Evoke: Lightning rod     |       |       |       |     3 ||     3
       Phantom mirror    |       |       |       |     1 ||     1
  Use: Scroll            |       |       |     2 |     4 ||     6
       Potion            |       |       |     1 |     5 ||     6
 Stab: Sleeping          |     1 |     3 |    10 |    15 ||    29
       Invisible         |       |       |     8 |    10 ||    18
       Distracted        |       |       |       |     1 ||     1
  Eat: Ration            |       |     1 |     1 |     1 ||     3
       Chunk             |       |       |     4 |    21 ||    25
Armor: Skin              |     1 |       |     1 |       ||     2
Dodge: Dodged            |     1 |     3 |    26 |    91 ||   121
